 Dungeon Crawl Stone Soup version 0.29.1-15-g9cfb28693d (webtiles) character file.

Game seed: 7882156420956876759

368 leafyfresh the Covert (level 6, 0/44 (45) HPs)
             Began as an Octopode Delver on Apr 19, 2023.
             Slain by a necrophage (5 damage)
             ... on level 5 of the Dungeon.
             The game lasted 00:01:41 (939 turns).

leafyfresh the Covert (Octopode Delver)              Turns: 939, Time: 00:01:42

HP:   0/44 (45)     AC:  1    Str: 11    XL:     6   Next: 69%
MP:   6/6           EV: 14    Int: 14    God:
Gold: 17            SH:  0    Dex: 14    Spells: 5/5 levels left

rFire   . . .      SeeInvis .   a - +0 short sword
rCold   . . .      Faith    .   (no shield)
rNeg    . . .      Spirit   .   (helmet restricted)
rPois   .          Reflect  .   (no amulet)
rElec   .          Harm     .   (no ring)
rCorr   .          Rampage  .   (no ring)
Will    .....                   (no ring)
Stlth   +++++.....              (no ring)
HPRegen 0.14/turn               (no ring)
MPRegen 0.10/turn               (no ring)
                                (no ring)
                                (no ring)

@: lightly drained
A: almost no armour, amphibious, 8 rings, camouflage 1, gelatinous body 1,
(nimble swimmer 1), tentacles
a: no special abilities


You were on level 5 of the Dungeon.
You visited 1 branch of the dungeon, and saw 2 of its levels.

You collected 17 gold pieces.

Inventory:

Hand Weapons
 a - a +0 short sword (weapon)
Armour
 i - an orb of energy
Wands
 d - a wand of charming (11)
 f - a wand of digging (3)
 g - a wand of iceblast (10)
Scrolls
 b - a scroll of fog
 h - a scroll of identify {unknown}
Potions
 e - a potion of haste


   Skills:
 + Level 4.9 Fighting
 - Level 2.0 Short Blades
 + Level 4.2 Dodging
 + Level 8.6 Stealth


You had 5 spell levels left.
You didn't know any spells.
Your spell library contained the following spells:

 Spells                   Type           Power      Damage    Failure   Level
 Sublimation of Blood     Necr           0%         N/A       41%         2
 Wereblood                Tmut           0%         N/A       41%         2
 Summon Hydra             Summ           0%         N/A       100%        7


Dungeon Overview and Level Annotations

Branches:
Dungeon (6/15)
 Temple: D:4-7

Altars:

Annotations:
D:5 Pikel


Innate Abilities, Weirdness & Mutations

You cannot wear most types of armour.
You are amphibious.
You can wear up to eight rings at the same time.
Your skin changes colour to match your surroundings (Stealth+).
Your rubbery body absorbs attacks. (AC +1, EV +1)
((You are camouflaged when in or above water. (Stealth+)))
You have tentacles for arms and can constrict up to eight enemies at once.


Message History

You constrict the lemure. The lemure misses you.
You barely miss the lemure. You squeeze the lemure!
The lemure is almost dead.
You constrict the lemure. The lemure closely misses you.
You hit the lemure.
You kill the lemure!
That felt strangely unrewarding.
You closely miss the necrophage. Your grab misses the necrophage.
You squeeze the necrophage.
The necrophage is lightly damaged.
The necrophage barely misses you.
You hit the necrophage but do no damage.
You grab the necrophage.
The necrophage is lightly damaged.
You constrict the necrophage. The necrophage misses you.
You barely miss the necrophage.
The necrophage is moderately damaged.
You constrict the necrophage. The necrophage closely misses you.
You hit the necrophage but do no damage.
The necrophage is moderately damaged.
You constrict the necrophage. The necrophage barely misses you.
You hit the necrophage.
The necrophage is moderately damaged.
You constrict the necrophage. The necrophage closely misses you.
You hit the necrophage.
The necrophage is heavily damaged.
You constrict the necrophage. The necrophage hits you.
* * * LOW HITPOINT WARNING * * *
You barely miss the necrophage.
You tentacle-slap the necrophage, but do no damage.
You squeeze the necrophage.
The necrophage is severely damaged.
You constrict the necrophage. The necrophage hits you.
* * * LOW HITPOINT WARNING * * *
You feel drained.
* * * LOW HITPOINT WARNING * * *
You hit the necrophage but do no damage.
The necrophage is almost destroyed.
You constrict the necrophage. The necrophage hits you.
You die...

##.##########.##.#
.......>.n@.....8.
##
#######..####.....
#.
....[.........8...
#.#########5.####..
. #...............
#..#........####
###K.#.##........#
...5.#.##.##...#.#
.###.#.##.##...#


You could see a necrophage.

Vanquished Creatures
  Sigmund (D:5)
  3 lemures (D:5)
  2 scorpions (D:5)
  2 hounds
  Ijyb (D:5)
  An adder (D:5)
  A shadow imp (D:5)
11 creatures vanquished.

Notes
Turn   | Place    | Note
-------+----------+-------------------------------------------
     0 | D:5      | leafyfresh the Octopode Delver began the quest for the Orb.
     0 | D:5      | Reached XP level 1. HP: 16/16 MP: 1/1
     4 | D:5      | Noticed Sigmund
     9 | D:5      | Noticed a scorpion
    12 | D:5      | Killed Sigmund
    13 | D:5      | Reached skill level 7 in Stealth
    13 | D:5      | Reached XP level 2. HP: 14/22 MP: 2/2
    13 | D:5      | Reached XP level 3. HP: 17/27 MP: 3/3
    13 | D:5      | Reached XP level 4. HP: 21/33 MP: 4/4
    13 | D:5      | Reached XP level 5. HP: 24/37 MP: 5/5
    16 | D:5      | Noticed Ijyb
    21 | D:5      | Reached skill level 8 in Stealth
    30 | D:5      | Killed Ijyb
    31 | D:5      | Reached XP level 6. HP: 14/44 MP: 6/6
   331 | D:5      | Noticed Pikel
   939 | D:5      | Slain by a necrophage

Illustrated notes

Levels and vault maps discovered:
D:5:      layout_basic, overflow_temple_1_default,
          gammafunk_temple_overflow_wave, nicolae_ossuary_entry_monument,
          hangedman_decor_points, hellmonk_bongcloud_opening, uniq_pikel,
          uniq_blork_the_orc, uniq_sigmund, uniq_ijyb
D:6:      layout_layer_cave, old_standard_altar, kennysheep_small_spiral,
          chequers_serial_rivers_small_a, uniq_menkaure

Skill      XL: |  1  2  3  4  5  6 |
---------------+-------------------+-----
Fighting       | 4 |  4.9
Dodging        | 3 4 |  4.2
Stealth        | 7 8 |  8.6
Short Blades   | |  2.0

Action                   |  1- 3 |  4- 6 || total
-------------------------+-------+-------++-------
Melee: Short sword       |     2 |    61 ||    63
       Tentacles         |       |    24 ||    24
       Constrict         |       |    12 ||    12
       Punch             |       |     3 ||     3
  Use: Scroll            |       |     2 ||     2
 Stab: Sleeping          |     1 |     1 ||     2
Armor: Skin              |       |     4 ||     4
Dodge: Dodged            |       |    36 ||    36
